 Dungeon Crawl Stone Soup version 0.30-a0-29-g142975f185 (webtiles) character file.

Game seed: 4710285952019497618

247 Flugkiller the Chopper (level 5, 0/48 HPs)
             Began as a Minotaur Fighter on Aug 25, 2022.
             Slain by a gnoll
             ... wielding a +0 halberd
             ... led by a gnoll bouda
              (4 damage)
             ... on level 5 of the Dungeon.
             The game lasted 00:01:21 (2395 turns).

Flugkiller the Chopper (Minotaur Fighter)           Turns: 2395, Time: 00:01:21

Health: 0/48       AC:  8    Str: 20    XL:     5   Next: 85%
Magic:  4/4        EV:  8    Int:  5    God:
Gold:   111        SH:  8    Dex: 12    Spells: 4/4 levels left

rFire   . . .      SeeInvis .    a - +0 war axe
rCold   . . .      Faith    .    o - +0 kite shield
rNeg    . . .      Spirit   .    b - +0 scale mail
rPois   .          Reflect  .    (helmet restricted)
rElec   .          Harm     .    (no cloak)
rCorr   .          Rampage  .    (no gloves)
Will    .....                    l - +0 pair of boots
Stlth   ..........               (no amulet)
HPRegen 0.16/turn                (no ring)
MPRegen 0.09/turn                (no ring)

@: mighty
A: horns 2, retaliatory headbutt
a: no special abilities


You were on level 5 of the Dungeon.
You visited 1 branch of the dungeon, and saw 5 of its levels.

You collected 111 gold pieces.

Inventory:

Hand Weapons
 a - a +0 war axe (weapon)
Armour
 b - a +0 scale mail (worn)
 c - a +0 buckler
 l - a +0 pair of boots (worn)
   (You found it on level 2 of the Dungeon)
 o - a +0 kite shield (worn)
   (You found it on level 4 of the Dungeon)
Wands
 q - a wand of mindburst (10)
   (You took it off a goblin on level 4 of the Dungeon)
Scrolls
 e - 2 scrolls of enchant weapon {unknown}
 h - a scroll of magic mapping {unknown}
 i - 2 scrolls of summoning {unknown}
 k - a scroll of teleportation {unknown}
 n - 3 scrolls of identify {unknown}
 r - a scroll of immolation {unknown}
 s - a scroll of enchant armour {unknown}
 v - a scroll of amnesia {unknown}
Potions
 f - 2 potions of heal wounds {unknown}
 g - 2 potions of lignification {unknown}
 j - a potion of flight {unknown}
 m - 2 potions of curing {unknown}
 p - a potion of haste {unknown}
 t - a potion of brilliance {unknown}
 u - a potion of mutation {unknown}
 w - a potion of resistance {unknown}


   Skills:
 + Level 5.0 Fighting
 * Level 5.4 Axes
 + Level 4.9 Armour
 - Level 3.6 Shields
 + Level 0.8 Evocations


You had 4 spell levels left.
You didn't know any spells.
Your spell library was empty.

Dungeon Overview and Level Annotations

Branches:
Dungeon (5/15)
 Temple: D:4-7

Altars:

Shops:
D:4 *


Innate Abilities, Weirdness & Mutations

You have a pair of horns on your head.
You reflexively headbutt those who attack you in melee.


Message History

Done exploring.
Done exploring.
Done exploring.
(D) Dungeon
Where to? (Enter - D:4, ? - help)
There is a stone staircase leading down here.
You climb downwards.
Found a scroll labelled QUUCENU CENEZ and 9 gold pieces.
There is a stone staircase leading up here.
v - a scroll labelled QUUCENU CENEZ You now have 111 gold pieces (gained 9).
Found an escape hatch in the ceiling.
w - a fizzy pink potion No target in view!
No target in view!
No target in view!
No target in view!
No target in view!
n - 3 scrolls labelled QIETTU ZUCAJA (gained 1)
An adder comes into view.
The adder hisses angrily.
An adder is nearby!
An adder is nearby!
Found a stone staircase leading up.
You closely miss the adder. The adder barely misses you. The adder bites you.
You hit the adder. Your headbutt misses the adder.
The adder is lightly wounded.
The adder bites you. You block the adder's attack.
You closely miss the adder. You headbutt the adder.
The adder is heavily wounded.
The adder bites you but does no damage. You block the adder's attack.
You slash the adder!
You kill the adder!
No target in view!
No target in view!
No target in view!
No target in view!
A gnoll comes into view. It is wielding a +0 halberd.
A gnoll is nearby!
A gnoll is nearby!
The gnoll shouts!
You hear a shout!
A gnoll bouda comes into view. It is wielding a +0 club.
A gnoll comes into view. It is wielding a +0 halberd.
The gnoll shouts!
The gnoll bouda barks out a call to the hunt!
The gnolls pick up the pace!
The gnoll hits you from afar with a +0 halberd.
A gnoll and an adder come into view.
The gnoll shouts!
The adder hisses angrily.
The gnoll hits you with a +0 halberd. You block the gnoll's attack.
You barely miss the gnoll. Your headbutt misses the gnoll.
You block the gnoll's attack. The gnoll barely misses you.
You block the gnoll's attack. The gnoll bouda closely misses you.
You slash the gnoll bouda!
The gnoll bouda is heavily wounded.
You barely miss the gnoll. You block the gnoll's attack.
The gnoll hits you with a +0 halberd.
The gnoll hits you from afar with a +0 halberd!
You slash the gnoll bouda!
The gnoll bouda is almost dead.
You closely miss the gnoll. The gnoll hits you but does no damage.
The gnoll bouda hits you with a +0 club.
The gnoll barely misses you. x2; You furiously retaliate!
You headbutt the gnoll, but do no damage.
The gnoll hits you with a +0 halberd.
You slash the gnoll bouda!
You kill the gnoll bouda!
You barely miss the gnoll. You hit the gnoll. The gnoll barely misses you.
The gnoll hits you with a +0 club. The gnoll hits you with a +0 halberd!
* * * LOW HITPOINT WARNING * * *
The gnoll hits you from afar with a +0 halberd.
* * * LOW HITPOINT WARNING * * *
Your Fighting skill increases to level 5!
You are too injured to fight recklessly!
You are too injured to fight recklessly!
You are too injured to fight recklessly!
You are too injured to fight recklessly!
You are too injured to fight recklessly!
You are too injured to fight recklessly!
You are too injured to fight recklessly!
You are too injured to fight recklessly!
You are too injured to fight recklessly!
You are too injured to fight recklessly!
You are too injured to fight recklessly!
Unknown command.
Okay, then.
You feel very mighty all of a sudden. The gnoll hits you with a +0 club.
* * * LOW HITPOINT WARNING * * *
You block the gnoll's attack. The gnoll barely misses you.
You barely miss the gnoll. You slash the gnoll!
You kill the gnoll!
You block the gnoll's attack. The adder bites you but does no damage.
The gnoll closely misses you.
You hit the gnoll. Your headbutt misses the gnoll.
The gnoll is moderately wounded.
You hit the adder. The adder bites you.
* * * LOW HITPOINT WARNING * * *
The gnoll hits you with a +0 halberd.
You die...

.. ... ## ..## .....
.##...# .....<.
....... .......
##g......
.......####)g......
.......#...@S......
...........##......
.......$...##.........
.......†..###.........
......................
.....................
.............#......
.................##
.###..............##


You could see 2 gnolls and an adder.

Vanquished Creatures
  A gnoll bouda (D:5)
  2 hounds (D:4)
  5 adders
  4 gnolls
  A white imp (D:3)
  A worm (D:3)
  A dart slug (D:3)
  A bat (D:1)
  8 endoplasms
  7 giant cockroaches
  6 goblins
  5 hobgoblins
  3 jackals (D:1)
  5 quokkas
  6 ball pythons
  A frilled lizard (D:2)
  4 kobolds
  5 rats
66 creatures vanquished.

Vanquished Creatures (others)
  15 plants (D:2)
15 creatures vanquished.

Grand Total: 81 creatures vanquished

Notes
Turn   | Place    | Note
-------+----------+-------------------------------------------
     0 | D:1      | Flugkiller the Minotaur Fighter began the quest for the
                  | Orb.
     0 | D:1      | Reached XP level 1. HP: 19/19 MP: 0/0
   103 | D:1      | Reached XP level 2. HP: 27/27 MP: 1/1
   379 | D:1      | Found a faded altar of an unknown god.
   624 | D:1      | Reached XP level 3. HP: 32/33 MP: 2/2
   995 | D:2      | You fall into a shaft and drop 2 floors!
  1086 | D:4      | Reached XP level 4. HP: 40/40 MP: 3/3
  1151 | D:4      | Found Towkint's General Store.
  1273 | D:4      | Reached XP level 5. HP: 46/47 MP: 4/4
  1453 | D:4      | Reached skill level 5 in Axes
  2338 | D:5      | Entered Level 5 of the Dungeon
  2393 | D:5      | Reached skill level 5 in Fighting
  2395 | D:5      | Slain by a gnoll

Illustrated notes

Levels and vault maps discovered:
D:1:      dpeg_arrival_ternary, layout_loops_ring,
          chequers_ecumenical_altar_simple
D:2:      wad_woods_stonehenge, layout_loops_ring
D:3:      due_chaos_kobolds, layout_basic, pf_guarded_unrand_delatra
D:4:      layout_basic, serial_shops, nicolae_shop_hallway_stairs,
          nicolae_ossuary_entry_ruins
D:5:      layout_cave_pools, nicolae_underground_beach

Skill      XL: |  1  2  3  4  5 |
---------------+----------------+-----
Axes           | 3 4 5 |  5.4
Fighting       | 4 5 |  5.0
Armour         | 4 |  4.9
Shields        | |  3.6
Evocations     | |  0.8

Action                   |  1- 3 |  4- 6 || total
-------------------------+-------+-------++-------
Melee: War axe           |    82 |    68 ||   150
       Headbutt          |     9 |    10 ||    19
  Use: Potion            |       |     1 ||     1
Armor: Scale mail        |    47 |    22 ||    69
Dodge: Dodged            |    36 |    39 ||    75
Block: Buckler           |    21 |     1 ||    22
       Kite shield       |       |    26 ||    26

Table legend: (Time is in decaauts)
 A = Elapsed time spent in this place.
 B = Non-inter-level travel time spent in this place.
 C = Inter-level travel time spent in this place.
 D = Time resting spent in this place.
 E = Time spent auto-exploring this place.
 F = Levels seen in this place.
 G = Mean time per level.
                   A        B        C        D        E       F      G
               +--------+--------+--------+--------+--------+-----+--------+
         Total |   2453 |   2413 |     40 |    144 |   1800 |   5 |  490.6 |
       Dungeon |   2453 |   2413 |     40 |    144 |   1800 |   5 |  490.6 |
               +--------+--------+--------+--------+--------+-----+--------+

Top non-repeatable levels by time:
     D:4: 1146 daAuts
     D:1: 748 daAuts
     D:2: 276 daAuts
     D:3: 222 daAuts
     D:5: 60 daAuts
